 Dungeon Crawl Stone Soup version 0.24.0-123-gd5b16e6ec5 (webtiles) character file.

Game seed: 6445627154807938420, levelgen mode: deterministic

52 nightchill the Ruffian (level 3, 31/31 HPs)
             Began as a Ghoul Warper on Feb 7, 2020.
             Safely got out of the dungeon.
             The game lasted 00:04:52 (1941 turns).

nightchill the Ruffian (Ghoul Warper)               Turns: 1941, Time: 00:04:52

Health: 31/31      AC:  3    Str: 15    XL:     3   Next: 85%
Magic:  4/4        EV: 11    Int:  8    God:
Gold:   65         SH:  0    Dex:  8    Spells: 5/5 levels left

rFire    . . .     SeeInvis .     - Unarmed
rCold    + . .     Gourm    .   (no shield)
rNeg     + + +     Faith    .   a - +0 leather armour
rPois    ∞         Spirit   .   (no helmet)
rElec    .         Reflect  .   (no cloak)
rCorr    .         Harm     .   (no gloves)
MR       .....                  (no boots)
Stlth    +.........             (no amulet)
HPRegen  0.10/turn              (no ring)
MPRegen  0.09/turn              (no ring)

@: rotting
A: rotting body, claws 1, carnivore, cold resistance 1, negative energy
resistance 3, inhibited regeneration, torment resistance, unbreathing
a: no special abilities


You escaped.
You were not hungry.

You visited 1 branch of the dungeon, and saw 2 of its levels.

You collected 65 gold pieces.

Inventory:

Missiles
 d - 5 boomerangs of dispersal (quivered)
 h - 8 curare-tipped darts
 j - 8 atropa-tipped darts
Armour
 a - a +0 leather armour (worn)
 e - a +0 shield
Scrolls
 b - a scroll of identify {unknown}
 c - a scroll of blinking
 g - 2 scrolls of teleportation {unknown}
 i - a scroll of magic mapping {unknown}
 l - a scroll of immolation {unknown}
Potions
 k - a potion of might {unknown}
Comestibles
 f - 2 rations


   Skills:
 + Level 3.1 Fighting
 - Level 0.8 Throwing
 - Level 0.8 Armour
 - Level 1.7 Dodging
 * Level 3.9 Unarmed Combat
 - Level 1.7 Spellcasting
   Level 2.6 Translocations


You had 5 spell levels left.
You didn't know any spells.
Your spell library contained the following spells:

 Spells                   Type           Power        Failure   Level  Hunger
 Blink                    Tloc           N/A          22%         2    ###....
 Shroud of Golubria       Chrm/Tloc      #.....       36%         2    ###....
 Gell's Gravitas          Tloc           #.........   41%         3    ####...
 Lesser Beckoning         Tloc           #.........   41%         3    ####...
 Teleport Other           Tloc           #.......     41%         3    ####...
 Passage of Golubria      Tloc           N/A          83%         4    #####..


Dungeon Overview and Level Annotations

Branches:
Dungeon (2/15)

Altars:


Innate Abilities, Weirdness & Mutations

Your body is rotting away.
You thrive on raw meat.
You are immune to poison.
You have sharp fingernails.
You are carnivorous and can eat meat at any time.
Your flesh is cold resistant. (rC+)
You are immune to negative energy. (rN+++)
You do not regenerate when monsters are visible.
You are immune to unholy pain and torment.
You can survive without breathing.


Message History

Where to? (Enter - D:1, ? - help)
Okay, then.
(D) Dungeon
Where to? (Enter - D:1, ? - help)
Okay, then.
You see here a stone.
You see here a stone.
Things that are here:
a stone; a +0 whip
Things that are here:
a cursed -3 dagger; a +0 club You see here a stone.
There is an open door here.
There is an open door here.
There is an open door here.
There is an open door here.
There is an open door here.
There is a staircase leading out of the dungeon here.
Are you sure you want to leave the Dungeon?
This will make you lose the game!
You have escaped!

.###.###.....###.###.....##
..##'##.......##'##.......##
...'.'.........'.'.........#
..##'##.......##'##.......##
.###.###.....###.###.....##
###...###...###...###...##
##.....###.###.....###.##
#.......#####.......##'#
..)......# #....@....+.#
#.......## ##.......####
##.....## ##.....## ###.÷.##
##...## ..##.## ##.## ..##'#
### ...#.# .....# ..####


There were no monsters in sight!

Vanquished Creatures
  An ooze (D:2)
  A dart slug (D:1)
  2 leopard geckos (D:1)
  4 giant cockroaches (D:1)
  6 goblins
  7 hobgoblins
  A quokka (D:2)
  3 bats
  4 frilled lizards
  7 kobolds
  7 rats (D:1)
43 creatures vanquished.

Notes
Turn   | Place    | Note
-------+----------+-------------------------------------------
     0 | D:1      | nightchill the Ghoul Warper began the quest for the Orb.
     0 | D:1      | Reached XP level 1. HP: 17/17 MP: 2/2
   127 | D:1      | Reached XP level 2. HP: 17/25 MP: 3/3
   872 | D:1      | Reached XP level 3. HP: 30/30 MP: 4/4
  1941 | D:$      | Safely got out of the dungeon.

Levels and vault maps discovered:
D:1:      elethiomel_arrival_diamonds, layout_loops_ring
D:2:      kb_forest_paths, layout_basic, lemuel_coloured_pillars_altar,
          nicolae_overflow_hidden_temple

Skill      XL: |  1  2  3 |
---------------+----------+-----
Unarmed Combat | 3 |  3.9
Fighting       | 3 |  3.1
Throwing       | |  0.8
Armour         | |  0.8
Dodging        | |  1.7
Spellcasting   | |  1.7
Translocations | |  2.6

Action                   || total
-------------------------++-------
Melee: Unarmed           ||   165
  Eat: Chunk             ||    16
Armor: Leather armour    ||    38
Dodge: Dodged            ||    85
